 Dungeon Crawl Stone Soup version 0.26.1-11-gd32895ea62 (webtiles) character file.

Game seed: 1187956332800010814

4293 Zeld the Carver (level 10, -2/78 HPs)
             Began as a White Draconian Monk on May 24, 2021.
             Was a Believer of Qazlal.
             Slain by a black bear (4 damage)
             ... on level 9 of the Dungeon.
             The game lasted 00:16:21 (13101 turns).

Zeld the Carver (White Draconian Monk)             Turns: 13101, Time: 00:16:22

Health: -2/78      AC: 11    Str: 17    XL:     10   Next: 11%
Magic:  8/10       EV: 12    Int: 11    God:    Qazlal [**....]
Gold:   561        SH:  6    Dex: 13    Spells: 9/9 levels left

rFire    + . .     SeeInvis .   n - +9 scimitar of Cowardice {vorpal, Will+}
rCold    + . .     Faith    .   E - +0 buckler
rNeg     . . .     Spirit   .   (armour unavailable)
rPois    .         Reflect  .   (helmet restricted)
rElec    .         Harm     .   j - +2 cloak {Stlth+}
rCorr    .         Rampage  .   l - +0 pair of gloves
Will     +....                  (no boots)
Stlth    ++........             (no amulet)
HPRegen  0.23/turn              z - ring of protection from fire
MPRegen  0.12/turn              y - ring of flight

@: berserk cooldown, slowed, very slow
A: breathe frost, unfitting armour, cold resistance 1, cold-blooded, AC +7
a: Breathe Frost, Renounce Religion, Evoke Flight, Upheaval


You were on level 9 of the Dungeon.
You worshipped Qazlal.
Qazlal was pleased with you.
You visited 2 branches of the dungeon, and saw 10 of its levels.

You collected 561 gold pieces.

Inventory:

Hand Weapons
 f - a +4 long sword
 n - the +9 scimitar of Cowardice (weapon) {vorpal, Will+}
   (You found it on level 9 of the Dungeon)

   It inflicts extra damage upon your enemies.
   It affects your willpower, your defense against some magical effects.
Armour
 j - a +2 cloak of stealth (worn)
 l - a +0 pair of gloves (worn)
 E - a +0 buckler (worn)
Jewellery
 y - a ring of flight (right hand)
 z - a ring of protection from fire (left hand)
Wands
 d - a wand of random effects (28)
 m - a wand of flame (13)
 D - a wand of digging (7)
Scrolls
 b - a scroll of fear {unknown}
 e - 3 scrolls of fog
 g - a scroll of remove curse
 h - 6 scrolls of teleportation
 i - a scroll of blinking {unknown}
 k - 2 scrolls of noise {unknown}
 o - a scroll of amnesia {unknown}
 v - a scroll of enchant armour {unknown}
 w - 3 scrolls of identify {unknown}
 C - a scroll of magic mapping {unknown}
Potions
 a - a potion of brilliance {unknown}
 c - 2 potions of flight {unknown}
 r - 3 potions of curing
 t - 3 potions of heal wounds {unknown}
 u - 2 potions of haste {unknown}
 x - a potion of cancellation {unknown}
 F - a potion of attraction {unknown}


   Skills:
 * Level 4.0 Fighting
 - Level 14.0 Long Blades
 * Level 3.2 Dodging
 - Level 1.7 Stealth
 + Level 1.1 Invocations
 + Level 1.1 Evocations


You had 9 spell levels left.
You didn't know any spells.
Your spell library contained the following spells:

 Spells                   Type           Power        Failure   Level
 Magic Dart               Conj           0%           52%         1
 Blink                    Tloc           N/A          65%         2
 Call Imp                 Summ           0%           65%         2
 Slow                     Hex            0%           65%         2
 Confusing Touch          Hex            0%           87%         3
 Conjure Flame            Conj/Fire      0%           87%         3
 Gell's Gravitas          Tloc           0%           87%         3
 Mephitic Cloud           Conj/Pois/Air  0%           87%         3
 Petrify                  Tmut/Erth      0%           99%         4
 Metabolic Englaciation   Hex/Ice        0%           100%        5
 Yara's Violent Unravell  Hex/Tmut       0%           100%        5


Dungeon Overview and Level Annotations

Branches:
Dungeon (9/15)             Temple (1/1) D:6
   Lair: D:8-11         Orc: D:9-12

Altars:
Ashenzari
Cheibriados
Dithmenos
Elyvilon
Fedhas
Gozag
Hepliaklqana
Kikubaaqudgha
Makhleb
Nemelex Xobeh
Okawaru
Qazlal
Ru
Trog
Uskayaw
Vehumet
Wu Jian
Xom
Yredelemnul
Zin
The Shining One

Shops:
D:5 =   D:8 [

Annotations:
D:9 Psyche


Innate Abilities, Weirdness & Mutations

You can breathe waves of freezing cold.
You can buffet flying creatures when you breathe cold.
Your icy white scales are hard. (AC +7)
You cannot fit into any form of body armour.
Your flesh is cold resistant. (rC+)
You are cold-blooded and may be slowed by cold attacks.


Message History

You kill the hound!
Qazlal accepts your kill.
Your Fighting skill increases to level 4!
You block the orc's attack.
The black bear bites you but does no damage.
The black bear claws you but does no damage.
The black bear closely misses you.
An adder comes into view.
You see here a hound corpse.
The orc misses you. The orc closely misses you.
The black bear barely misses you.
The black bear claws you but does no damage.
The black bear claws you.
* * * LOW HITPOINT WARNING * * *
You closely miss the black bear.
The adder hisses angrily.
You tail-slap the black bear.
The black bear is lightly wounded.
The orc barely misses you. The black bear bites you.
You die...

#....... ####.
.##..P. .#......
#....##.#..... ......
#...#...P
#.)#########)S..(....
#...()).##......#..P.
###..####.##.#....#
..P
##............##..##
P ...............oh##
##..........####@#
#.(......).# ###
#..........#
############


You could see a black bear, an adder and an orc.

Vanquished Creatures
  Pikel (D:7)
  Sigmund (D:2)
  5 yaks (D:9)
  Duvessa (D:7)
  2 orc warriors
  3 sky beasts
  An ice beast (D:7)
  3 phantoms
  4 ogres
  2 centaurs
  A lemure (D:7)
  A bullfrog (D:6)
  Dowan (D:7)
  3 scorpions
  3 wights (D:7)
  2 jellies
  2 orc priests (D:4)
  3 hounds
  Crazy Yiuf (D:7)
  3 bullfrog skeletons
  A gnoll shaman (D:3)
  3 orc wizards
  Jessica (D:2)
  2 iguanas
  Natasha (thrice) (D:2)
  7 worker ants
  A worker ant zombie (D:7)
  12 adders
  13 gnolls
  A howler monkey skeleton (D:4)
  A white imp (D:6)
  3 ufetubi
  An ooze (D:2)
  2 adder skeletons
  An adder zombie (D:5)
  3 worms
  A dart slug (D:4)
  4 leopard geckos
  22 orcs
  5 giant cockroaches
  4 goblins
  6 hobgoblins
  18 jackals
  6 kobolds
  8 quokkas
  6 bats
  6 frilled lizards
  A leopard gecko skeleton (D:4)
  A quokka skeleton (D:6)
  3 rats
189 creatures vanquished.

Vanquished Creatures (others)
  5 fungi (D:9)
  4 plants (D:9)
9 creatures vanquished.

Grand Total: 198 creatures vanquished

Notes
Turn   | Place    | Note
-------+----------+-------------------------------------------
     0 | D:1      | Zeld the Draconian Monk began the quest for the Orb.
     0 | D:1      | Reached XP level 1. HP: 19/19 MP: 1/1
   332 | D:1      | Reached XP level 2. HP: 26/26 MP: 2/2
   835 | D:2      | Reached skill level 4 in Long Blades
  1151 | D:2      | Reached XP level 3. HP: 31/31 MP: 3/3
  1162 | D:2      | Noticed Jessica
  1170 | D:2      | Killed Jessica
  1385 | D:2      | Noticed Sigmund
  1405 | D:2      | HP: 1/31 [something (14)]
  2393 | D:2      | Noticed Natasha
  2408 | D:2      | Killed Sigmund
  2409 | D:2      | Reached skill level 6 in Long Blades
  2409 | D:2      | Reached XP level 4. HP: 21/38 MP: 4/4
  2409 | D:2      | Reached XP level 5. HP: 24/45 MP: 5/5
  2805 | D:2      | Found a faded altar of an unknown god.
  2855 | D:2      | Found a shadowy altar of Dithmenos.
  2915 | D:2      | Found a shadowy altar of Dithmenos.
  2941 | D:2      | Killed Natasha
  3291 | D:2      | Found a faded altar of an unknown god.
  3430 | D:2      | Noticed Natasha
  3436 | D:2      | Killed Natasha
  3437 | D:2      | Reached XP level 6. HP: 39/51 MP: 6/6
  3663 | D:2      | Found a shadowy altar of Dithmenos.
  3793 | D:2      | Noticed Natasha
  3804 | D:2      | Killed Natasha
  3942 | D:2      | Found a faded altar of an unknown god.
  4185 | D:3      | Reached skill level 7 in Long Blades
  4240 | D:3      | Found a burning altar of Makhleb.
  4240 | D:3      | Found a glowing silver altar of Zin.
  4241 | D:3      | Found a glowing golden altar of the Shining One.
  4377 | D:3      | Found a blossoming altar of Fedhas.
  5575 | D:4      | Reached skill level 8 in Long Blades
  5575 | D:4      | Your scales start taking on an icy white colour.
  5575 | D:4      | Reached XP level 7. HP: 57/57 MP: 7/7
  5575 | D:4      | Gained mutation: Your flesh is cold resistant. (rC+) [White
                  | Draconian growth]
  5804 | D:4      | Found a broken altar of Ashenzari.
  6454 | D:4      | Reached skill level 9 in Long Blades
  7094 | D:5      | Entered Level 5 of the Dungeon
  7375 | D:5      | Reached XP level 8. HP: 63/63 MP: 8/8
  7387 | D:5      | Found Ogiziqi's Jewellery Emporium.
  7414 | D:5      | Reached skill level 10 in Long Blades
  8494 | D:6      | Reached skill level 11 in Long Blades
  8773 | D:6      | Found a staircase to the Ecumenical Temple.
  8782 | Temple   | Entered the Ecumenical Temple
  8809 | Temple   | Became a worshipper of Qazlal Stormbringer
  8809 | Temple   | Reached * piety under Qazlal
  8809 | Temple   | Reached ** piety under Qazlal
  9730 | D:7      | Noticed Duvessa
  9790 | D:7      | Noticed Dowan
  9833 | D:7      | Killed Duvessa
  9834 | D:7      | Reached XP level 9. HP: 34/70 MP: 4/9
  9846 | D:7      | Killed Dowan
  9876 | D:7      | HP: 2/70 [ice beast (2)]
  9882 | D:7      | Reached skill level 12 in Long Blades
 10762 | D:7      | Found a runed translucent door.
 10763 | D:7      | Noticed Crazy Yiuf
 11122 | D:7      | Noticed Pikel
 11169 | D:7      | Killed Pikel
 11170 | D:7      | Reached skill level 13 in Long Blades
 11376 | D:7      | Found a hide-covered altar of Uskayaw.
 12023 | D:7      | Killed Crazy Yiuf
 12675 | D:8      | Found Nienweberch's Armour Shop.
 12939 | D:9      | Got an iridescent scimitar
 12940 | D:9      | Identified the +9 scimitar of Cowardice {vorpal, Will+}
                  | (You found it on level 9 of the Dungeon)
 13028 | D:9      | Reached skill level 14 in Long Blades
 13036 | D:9      | Reached XP level 10. HP: 20/77 MP: 10/10
 13052 | D:9      | Reached skill level 1 in Invocations
 13058 | D:9      | Noticed Psyche
 13083 | D:9      | HP: 2/117 [orc warrior/+0 dire flail (16)]
 13085 | D:9      | Reached skill level 1 in Evocations
 13100 | D:9      | HP: 1/78 [black bear (4)]
 13101 | D:9      | Slain by a black bear

Illustrated notes

Levels and vault maps discovered:
D:1:      giann_forest_graveyard, layout_basic, minmay_3d_cube
D:2:      layout_loops_ring, grunt_dithmenos_smoke_and_mirrors,
          chequers_ecumenical_altar_twisty, grunt_decor_junction, uniq_natasha,
          uniq_sigmund, uniq_jessica
D:3:      layout_loops_cross, nicolae_overflow_quartered_altars, st_stairs_1,
          kennysheep_generic_room_5
D:4:      layout_gridville, lemuel_round_altar
D:5:      layout_gridville, serial_shops, shop
D:6:      layout_loops_corners, minmay_temple_entry_ruins
D:7:      layout_basic, eat_drink_and_be_merry_uskayaw, serial_rivers,
          chequers_serial_rivers_large_b, chequers_serial_rivers_marsh,
          chequers_serial_rivers_micro_e, chequers_serial_rivers_room_a,
          chequers_serial_rivers_large_a, uniq_pikel, uniq_crazy_yiuf_cottage,
          uniq_duvessa
D:8:      layout_loops_corners, serial_shops, shop
D:9:      layout_rooms, lemuel_crystal_altar, grunt_lair_entry_orc_guard_hut,
          uniq_psyche
Temple:   eino_narrow_crystal_temple

Skill      XL: |  1  2  3  4  5  6  7  8  9 10 |
---------------+-------------------------------+-----
Long Blades    | 4 6 8 9 11 14 | 14.0
Dodging        | 3 |  3.2
Invocations    | 1 |  1.1
Evocations     | 1 |  1.1
Fighting       | 4 |  4.0
Stealth        | |  1.7

Action                   |  1- 3 |  4- 6 |  7- 9 | 10-12 || total
-------------------------+-------+-------+-------+-------++-------
Melee: Falchion          |    86 |   142 |   420 |       ||   648
       Tailslap          |     8 |    16 |    77 |     1 ||   102
       Long sword        |       |       |    61 |       ||    61
       Scimitar          |       |       |    37 |    13 ||    50
Invok: Upheaval          |       |       |     4 |     2 ||     6
 Abil: Breathe Frost     |       |       |    44 |     2 ||    46
       Evoke Flight      |       |       |     2 |       ||     2
  Use: Scroll            |       |       |     8 |       ||     8
       Potion            |       |       |     3 |     1 ||     4
 Stab: Sleeping          |     3 |     6 |     2 |       ||    11
       Distracted        |       |       |     1 |       ||     1
Armor: Skin              |    31 |    45 |   119 |     5 ||   200
Dodge: Dodged            |    56 |    87 |   251 |    17 ||   411
Block: Buckler           |       |       |    44 |     5 ||    49
       Rpst.: Falchion   |    17 |    30 |    62 |       ||   109
       Long sword        |       |       |     6 |       ||     6
       Scimitar          |       |       |     5 |     2 ||     7
